 Dungeon Crawl Stone Soup version 0.29-a0-717-g6dac4ea423 (webtiles) character file.

Game seed: 15805005015173218017

41 polve the Trooper (level 3, -6/30 HPs)
             Began as a Demonspawn Abyssal Knight on June 26, 2022.
             Was a Believer of Lugonu.
             Mangled by an ogre
             ... wielding a +0 giant club
              (12 damage)
             ... on level 3 of the Dungeon.
             The game lasted 00:01:27 (2790 turns).

polve the Trooper (Demonspawn Abyssal Knight)       Turns: 2790, Time: 00:01:28

Health: -6/30      AC: 12    Str: 15    XL:     3   Next: 32%
Magic:  4/4        EV:  4    Int: 11    God:    Lugonu [**....]
Gold:   83         SH:  0    Dex: 13    Spells: 2/2 levels left

rFire   . . .      SeeInvis +   a - +1 hand axe
rCold   + . .      Faith    .   (no shield)
rNeg    . . .      Spirit   .   d - +0 plate armour
rPois   .          Reflect  .   (no helmet)
rElec   .          Harm     .   (no cloak)
rCorr   .          Rampage  .   (no gloves)
Will    .....                   (no boots)
Stlth   ..........              (no amulet)
HPRegen 0.10/turn               c - ring of see invisible
MPRegen 0.09/turn               (no ring)

@: invisible
A: slimy green scales 1, demonic guardian 1, cold resistance 1, devolution 1
a: Renounce Religion, Depart the Abyss, Bend Space


You were on level 3 of the Dungeon.
You worshipped Lugonu.
Lugonu was pleased with you.
You visited 1 branch of the dungeon, and saw 3 of its levels.
You visited the Abyss 1 time.

You collected 83 gold pieces.

Inventory:

Hand Weapons
 a - a +1 hand axe (weapon)
Armour
 d - a +0 plate armour (worn)
 i - a +0 helmet
Jewellery
 c - a ring of see invisible (left hand)
Scrolls
 e - a scroll of identify {unknown}
 f - a scroll of enchant weapon {unknown}
 g - 2 scrolls of teleportation {unknown}
Potions
 b - a potion of resistance {unknown}
 j - a potion of lignification {unknown}


   Skills:
 * Level 4.0 Fighting
 + Level 2.3 Axes
 - Level 1.7 Armour
 - Level 0.8 Dodging
 - Level 2.4 Invocations


You had 2 spell levels left.
You didn't know any spells.
Your spell library contained the following spells:

 Spells                   Type           Power      Damage    Failure   Level
 Animate Dead             Necr           0%         N/A       100%        4
 Borgnjor's Vile Clutch   Necr/Erth      0%         N/A       100%        5
 Death Channel            Necr           0%         N/A       100%        6


Dungeon Overview and Level Annotations

Branches:
Dungeon (3/15)

Altars:

Shops:
D:1 [   D:2 *


Innate Abilities, Weirdness & Mutations

You are partially covered in slimy green scales. (AC +2)
A weak demonic guardian rushes to your aid.
Your flesh is cold resistant. (rC+)
You have hidden genetic defects.


Message History

No target in view!
No target in view!
No target in view!
No target in view!
No target in view!
No target in view!
You now have 83 gold pieces (gained 13).
Found a stone staircase leading down.
An ogre comes into view. It is wielding a +0 giant club.
An ogre is nearby!
The ogre hits you with a +0 giant club!
You are too injured to fight recklessly!
You are too injured to fight recklessly!
You are too injured to fight recklessly!
You are too injured to fight recklessly!
You are too injured to fight recklessly!
You are too injured to fight recklessly!
You are too injured to fight recklessly!
You are too injured to fight recklessly!
You are too injured to fight recklessly!
It was a potion of mutation.
You feel extremely strange.
You feel a hidden malignance growing inside you.
You feel resistant to cold.
You closely miss the ogre. The ogre hits you with a +0 giant club!
You hit the ogre.
The ogre is lightly wounded.
The ogre hits you with a +0 giant club!
* * * LOW HITPOINT WARNING * * *
It was a potion of invisibility.
You fade into invisibility!
The ogre hits you but does no damage.
You barely miss the ogre.
The ogre is lightly wounded.
You hit the ogre but do no damage.
The ogre is lightly wounded.
The ogre hits you but does no damage.
You hit the ogre.
The ogre is moderately wounded.
The ogre hits you with a +0 giant club!
You die...

#.##.##
#.#### #.#
#.# #.# #.#
#.#
#.#########
#....@O...#
#########.#


You could see an ogre (can't see you).

Vanquished Creatures
  A worm (D:2)
  5 endoplasms
  2 giant cockroaches (D:1)
  2 goblins
  3 hobgoblins (D:2)
  2 jackals (D:1)
  A kobold (D:1)
  4 quokkas
  2 ball pythons
  3 bats (D:1)
  5 frilled lizards
  6 rats (D:1)
36 creatures vanquished.

Notes
Turn   | Place    | Note
-------+----------+-------------------------------------------
     0 | Abyss:1  | polve the Demonspawn Abyssal Knight began the quest for the
                  | Orb.
     0 | Abyss:1  | Reached XP level 1. HP: 18/18 MP: 2/2
    24 | Abyss:1  | Found a corrupted altar of Lugonu.
    48 | Abyss:1  | Found a corrupted altar of Lugonu.
    84 | Abyss:1  | Found a corrupted altar of Lugonu.
   112 | Abyss:1  | Noticed a thrashing horror
   117 | D:1      | Escaped the Abyss
   241 | D:1      | Reached ** piety under Lugonu
   395 | D:1      | Gained mutation: You are partially covered in slimy green
                  | scales. (AC +2) [demonic ancestry]
   395 | D:1      | Reached XP level 2. HP: 24/24 MP: 3/3
   424 | D:1      | Found Fearph's Armour Shop.
  1315 | D:2      | Gained mutation: A weak demonic guardian rushes to your
                  | aid. [demonic ancestry]
  1315 | D:2      | Reached XP level 3. HP: 23/30 MP: 4/4
  1532 | D:2      | Reached skill level 4 in Fighting
  1801 | D:2      | Found Uppyv's General Store.
  2780 | D:3      | Noticed an ogre
  2784 | D:3      | Gained mutation: You have hidden genetic defects. [potion
                  | of mutation]
  2784 | D:3      | Gained mutation: Your flesh is cold resistant. (rC+)
                  | [potion of mutation]
  2790 | D:3      | Mangled by an ogre

Illustrated notes

Levels and vault maps discovered:
D:1:      nagdon_arrival_double_spiral, layout_loops_corners, serial_shops,
          nicolae_shop_trees
D:2:      layout_basic, serial_shops, shop
D:3:      layout_loops_corners, mainiacjoe_overflow_chevrons,
          ebering_ecumenical_altar_box, hangedman_glass_teeth

Skill      XL: |  1  2  3 |
---------------+----------+-----
Axes           | 2 |  2.3
Fighting       | 4 |  4.0
Armour         | |  1.7
Dodging        | |  0.8
Invocations    | |  2.4

Action                   || total
-------------------------++-------
Melee: Hand axe          ||    99
       Punch             ||     1
Invok: Depart the Abyss  ||     1
  Use: Potion            ||     2
Armor: Leather armour    ||    12
       Plate armour      ||    57
Dodge: Dodged            ||    29

Table legend: (Time is in decaauts)
 A = Elapsed time spent in this place.
 B = Non-inter-level travel time spent in this place.
 C = Inter-level travel time spent in this place.
 D = Time resting spent in this place.
 E = Time spent auto-exploring this place.
 F = Levels seen in this place.
 G = Mean time per level.
                   A        B        C        D        E       F      G
               +--------+--------+--------+--------+--------+-----+--------+
         Total |   2807 |   2733 |     74 |      0 |   2470 |   4 |  701.8 |
       Dungeon |   2690 |   2616 |     74 |      0 |   2355 |   3 |  896.7 |
         Abyss |    117 |    117 |      0 |      0 |    115 |   1 |  117.0 |
               +--------+--------+--------+--------+--------+-----+--------+

Top non-repeatable levels by time:
     D:2: 1386 daAuts
     D:1: 1202 daAuts
 Abyss:1: 117 daAuts
     D:3: 101 daAuts
